 Dungeon Crawl Stone Soup version 0.23-a0-180-ga5275e7 (webtiles) character file.

168 Inarius the Skirmisher (level 5, 0/43 HPs)
             Began as a Mummy Fighter on Sept 18, 2018.
             Slain by an orc
             ... wielding a +0 trident
              (9 damage)
             ... on level 3 of the Dungeon.
             The game lasted 00:02:43 (2258 turns).

Inarius the Skirmisher (Mummy Fighter)              Turns: 2258, Time: 00:02:45

Health: 0/43       AC:  8    Str: 20    XL:     5   Next: 23%
Magic:  5/5        EV:  7    Int:  8    God:
Gold:   165        SH:  9    Dex: 11    Spells: 4/4 levels left

rFire    x . .     SeeInvis .   a - +0 war axe
rCold    + . .     Gourm    .   c - +0 shield
rNeg     + + +     Faith    .   b - +0 scale mail
rPois    ∞         Spirit   .   i - +2 hat
rElec    .         Reflect  .   (no cloak)
rCorr    .         Harm     .   (no gloves)
MR       .....                  (no boots)
Stlth    ..........             (no amulet)
HPRegen  0.14/turn              (no ring)
MPRegen  0.09/turn              (no ring)

@: no status effects
A: no food or potions, fire vulnerability, cold resistance 1, negative energy
resistance 3, torment resistance, unbreathing
a: no special abilities


You were on level 3 of the Dungeon.
You were not hungry.

You visited 1 branch of the dungeon, and saw 3 of its levels.

You collected 165 gold pieces.

Inventory:

Hand Weapons
 a - a +0 war axe (weapon)
Armour
 b - a +0 scale mail (worn)
 c - a +0 shield (worn)
 i - a +2 hat (worn)
Jewellery
 n - an uncursed ring of magical power {unknown}
Wands
 o - a wand of iceblast (9)
Scrolls
 d - 3 scrolls of identify {unknown}
 e - 3 scrolls of fear {unknown}
 f - a scroll of magic mapping {unknown}
 g - 3 scrolls of enchant armour {unknown}
 h - a scroll of noise {unknown}
 j - a scroll of immolation {unknown}
 k - a scroll of random uselessness {unknown}
 l - a scroll of remove curse {unknown}
 m - 2 scrolls of fog {unknown}
 p - a scroll of enchant weapon {unknown}


   Skills:
 * Level 4.6 Fighting
 - Level 1.5 Axes
 + Level 3.1 Armour
 + Level 3.3 Shields


You had 4 spell levels left.
You didn't know any spells.
Your spell library was empty.

Dungeon Overview and Level Annotations

Branches:
Dungeon (3/15)

Altars:
Makhleb


Innate Abilities, Weirdness & Mutations

You do not eat or drink.
Your flesh is vulnerable to fire.
You are immune to poison.
Your flesh is cold resistant. (rC+)
You are immune to negative energy. (rN+++)
You are immune to unholy pain and torment.
You can survive without breathing.


Message History

You block the orc's attack.
The orc wizard hits you but does no damage.
The orc hits you but does no damage.
You slash the orc!
You kill the orc!
You hit the orc. You closely miss the orc wizard. You block the orc's attack.
The orc wizard hits you but does no damage.
The orc closely misses you.
You slash the orc!
You kill the orc!
You hit the orc.
You kill the orc!
You miss the orc wizard.
The orc wizard is moderately wounded.
You block the orc wizard's attack.
The orc hits you from afar with a trident.
* * * LOW HITPOINT WARNING * * *
You block the orc wizard's attack.
The orc hits you from afar with a trident!
You die...

#.........................
#.######...###.#.##.#..###
# #...#..# #.#.......#
#...#..# #.#.##.#.##
#...#..# #.#.##.#.#
#...#..# #......#.# ##
#...#..# #......#.###.
#...#..# #......#.....
.###...#@.# #........)...
......oo[)###......#.##..
####...#...........+.....
#...............#....#
#...##.......##.####.#
###. ................ #.
.##.#####.####.# #. .##...
#.####.# #? .. ........


You could see an orc wizard and an orc.

Vanquished Creatures
  A crimson imp (D:3)
  Jessica (D:3)
  5 adders
  A dart slug (D:1)
  2 leopard geckos (D:1)
  3 orcs (D:3)
  3 bats
  3 giant cockroaches
  9 goblins
  4 hobgoblins
  4 jackals (D:1)
  10 kobolds
  A quokka (D:2)
  2 ball pythons (D:1)
  4 frilled lizards
  2 rats (D:2)
55 creatures vanquished.

Notes
Turn   | Place    | Note
-------+----------+-------------------------------------------
     0 | D:1      | Inarius the Mummy Fighter began the quest for the Orb.
     0 | D:1      | Reached XP level 1. HP: 18/18 MP: 1/1
   177 | D:1      | Reached XP level 2. HP: 24/24 MP: 2/2
   834 | D:1      | Reached XP level 3. HP: 29/29 MP: 3/3
  1253 | D:2      | Reached skill level 4 in Fighting
  1288 | D:2      | Reached XP level 4. HP: 26/37 MP: 4/4
  1550 | D:3      | Noticed Jessica
  1575 | D:3      | Killed Jessica
  2047 | D:3      | Found a burning altar of Makhleb.
  2126 | D:3      | Reached XP level 5. HP: 42/43 MP: 5/5
  2258 | D:3      | Slain by an orc

Vault maps used:
D:1:      lightli_arrival_chessboard, minmay_misc_feat_columns, moated_statue
D:2:      st_stairs_8, kennysheep_generic_room_15
D:3:      makhleb_grotto_becter, uniq_jessica

Skill      XL: |  1  2  3  4 |
---------------+-------------+-----
Fighting       | 4 |  4.6
Shields        | 3 |  3.3
Armour         | 3 |  3.1
Axes           | |  1.5

Action                   |  1- 3 |  4- 6 || total
-------------------------+-------+-------++-------
Melee: War axe           |   112 |   132 ||   244
Armor: Scale mail        |    68 |    62 ||   130
Dodge: Dodged            |    48 |    48 ||    96
Block: Shield            |    68 |    82 ||   150

Table legend:
 A = Non-vault XP
 B = Vault XP
 C = Vault XP percentage of total XP
 D = Non-vault monster count
 E = Vault monster count
 F = Vault count percentage of total count
                 A         B        C        D         E       F
            +---------+---------+-------+---------+---------+-------
      Total |     149 |      91 |  37.9 |      51 |       4 |   7.3
            +---------+---------+-------+---------+---------+-------
        D:1 |      41 |       0 |   0.0 |      20 |       0 |   0.0
        D:2 |      74 |       4 |   5.1 |      18 |       2 |  10.0
        D:3 |      34 |      87 |  71.9 |      13 |       2 |  13.3
            +---------+---------+-------+---------+---------+-------
